 Dungeon Crawl Stone Soup version 0.21.1-1-g345015f (webtiles) character file.

2680 wojtek the Cleaver (level 9, -5/79 HPs)
             Began as a Minotaur Fighter on Apr 21, 2018.
             Was an Initiate of Okawaru.
             Slain by an orc warrior
             ... wielding a +0 dire flail
              (20 damage)
             ... on level 7 of the Dungeon.
             The game lasted 00:11:56 (7008 turns).

wojtek the Cleaver (Minotaur Fighter)               Turns: 7008, Time: 00:11:57

Health: -5/79      AC: 11    Str: 24    XL:     9   Next: 37%
Magic:  11/11      EV: 10    Int:  5    God:    Okawaru [......]
Gold:   336        SH:  0    Dex: 10    Spells: 8/8 levels left

rFire    . . .     SeeInvis .   p - +0 battleaxe (freeze)
rCold    . . .     Gourm    .   (shield currently unavailable)
rNeg     . . .     Faith    .   y - +0 chain mail
rPois    .         Spirit   .   (helmet restricted)
rElec    .         Reflect  .   (no cloak)
rCorr    .         Harm     .   b - +0 pair of gloves
MR       .....                  (no boots)
Stlth    ..........             (no amulet)
HPRegen  0.23/turn              (no ring)
MPRegen  0.12/turn              (no ring)

@: no status effects
A: retaliatory headbutt, horns 2
a: Renounce Religion


You were on level 7 of the Dungeon.
You worshipped Okawaru.
Okawaru was noncommittal.
You were hungry.

You visited 1 branch of the dungeon, and saw 7 of its levels.

You collected 336 gold pieces.

Inventory:

Hand Weapons
 a - a +0 war axe
 p - a +0 battleaxe of freezing (weapon)
Armour
 b - a +0 pair of gloves (worn)
 c - a +0 shield
 y - a +0 chain mail (worn)
Jewellery
 B - an uncursed amulet of harm {unknown}
Wands
 n - a wand of disintegration (14)
 v - a wand of acid (10)
Scrolls
 g - a scroll of blinking {unknown}
 i - 2 scrolls of magic mapping {unknown}
 k - a scroll of enchant armour {unknown}
 l - 7 scrolls of identify {unknown}
 u - a scroll of amnesia {unknown}
 x - 4 scrolls of remove curse {unknown}
 A - a scroll of teleportation {unknown}
Potions
 d - a potion of might
 e - 2 potions of agility {unknown}
 h - 2 potions of brilliance {unknown}
 j - 2 potions of haste {unknown}
 m - a potion of mutation {unknown}
 o - a potion of resistance {unknown}
 q - a potion of magic {unknown}
 r - 7 potions of curing {unknown}
 s - 2 potions of lignification {unknown}
 t - 2 potions of cancellation {unknown}
 w - a potion of flight {unknown}
 C - 3 potions of heal wounds {unknown}
Books
 z - a book of Necromancy

   Spells                             Type                      Level
   a - Pain                           Necromancy                   1
   b - Animate Skeleton               Necromancy                   1
   c - Vampiric Draining              Necromancy                   3
   d - Regeneration                   Charms/Necromancy            3
   e - Animate Dead                   Necromancy                   4
   f - Borgnjor's Vile Clutch         Necromancy/Earth             5
Comestibles
 f - 8 rations


   Skills:
 + Level 7.3 Fighting
 + Level 9.0 Axes
 + Level 7.2 Armour
 + Level 5.5 Dodging
 - Level 3.6 Shields
 * Level 1.2 Invocations
 * Level 4.6 Evocations


You had 8 spell levels left.
You didn't know any spells.

Dungeon Overview and Level Annotations

Branches:
Dungeon (7/15)
 Temple: D:4-7

Altars:
Cheibriados
Fedhas
Gozag
Hepliaklqana
Okawaru
Qazlal
Sif Muna

Annotations:
D:4 Eustachio


Innate Abilities, Weirdness & Mutations

You reflexively headbutt those who attack you in melee.
You have a pair of horns on your head.


Message History

You are too injured to fight recklessly!
Unknown command.
Unknown command.
You hit the orc warrior. You freeze the orc warrior.
You headbutt the orc warrior!
The orc warrior is heavily wounded.
You closely miss the orc wizard. You hit the orc but do no damage.
The orc wizard hits you but does no damage.
The orc warrior hits you with a dire flail!!
* * * LOW HITPOINT WARNING * * *
The orc hits you with a hand axe.
* * * LOW HITPOINT WARNING * * *
The orc wizard gestures at you while chanting.
The magic dart hits you!
You hit the orc warrior but do no damage.
Your headbutt misses the orc warrior.
The orc warrior is heavily wounded.
You barely miss the orc. You slash the orc wizard! You freeze the orc wizard.
The orc warrior hits you with a dire flail!!
You die...

#. #.# ..# #.#
##.##
#.###...####.##
.......ooo......
..# #Z.@# #.#
##.#### ##.##
#....# # #...#
#.##.#
##.###.#.###.##.#
#.....)....#.##.#
#.<......##.#
###.##.####.#
#...##.####.#


You could see an orc warrior, an orc wizard, an orc and a hound zombie.

Vanquished Creatures
  Pikel (D:6)
  Prince Ribbit (D:6)
  Grinder (D:3)
  Sigmund (D:6)
  The ghost of sendhelp the Vandal, an amateur DrHu (D:4)
  Edmund (D:4)
  An orc warrior (D:6)
  3 ogres
  4 centaurs
  A scorpion (D:5)
  3 crimson imps
  A centaur zombie (D:5)
  A jelly (D:5)
  An orc priest (D:5)
  A hound (D:6)
  2 orc wizards
  A bullfrog skeleton (D:5)
  A centaur skeleton (D:5)
  Ijyb (D:4)
  3 worker ants
  Terence (D:2)
  A howler monkey zombie (D:5)
  3 gnolls (D:4)
  A howler monkey skeleton (D:7)
  7 adders
  2 oozes (D:1)
  2 worms
  8 dart slugs
  4 leopard geckos
  16 orcs
  5 giant cockroaches
  11 goblins
  13 hobgoblins
  15 jackals
  A kobold (D:1)
  4 quokkas
  2 ball pythons
  9 bats
  7 frilled lizards
  A leopard gecko skeleton (D:6)
  9 rats
152 creatures vanquished.

Vanquished Creatures (others)
  An orc (D:6)
1 creature vanquished.

Grand Total: 153 creatures vanquished

Notes
Turn   | Place    | Note
-------+----------+-------------------------------------------
     0 | D:1      | wojtek the Minotaur Fighter began the quest for the Orb.
     0 | D:1      | Reached XP level 1. HP: 19/19 MP: 0/0
   190 | D:1      | Reached skill level 3 in Axes
   200 | D:1      | Reached XP level 2. HP: 16/26 MP: 1/1
   478 | D:1      | Reached skill level 4 in Axes
   590 | D:1      | Reached XP level 3. HP: 31/31 MP: 2/2
  1248 | D:2      | Reached skill level 5 in Axes
  1285 | D:2      | Found a snail-covered altar of Cheibriados.
  1326 | D:2      | Found a hazy altar of Hepliaklqana.
  1337 | D:2      | Reached XP level 4. HP: 26/39 MP: 3/3
  2025 | D:2      | Noticed Terence
  2031 | D:2      | Killed Terence
  2031 | D:2      | Reached skill level 6 in Axes
  2100 | D:3      | Reached XP level 5. HP: 45/45 MP: 4/4
  2134 | D:3      | Noticed Grinder
  2134 | D:3      | Paralysed by Grinder for 5 turns
  2144 | D:3      | Killed Grinder
  2144 | D:3      | Reached skill level 1 in Dodging
  2144 | D:3      | Reached XP level 6. HP: 16/53 MP: 5/5
  2812 | D:4      | Reached skill level 7 in Axes
  3040 | D:4      | Reached skill level 5 in Fighting
  3040 | D:4      | Reached skill level 5 in Armour
  3040 | D:4      | Reached XP level 7. HP: 12/61 MP: 6/6
  3226 | D:4      | Noticed sendhelp's ghost (amateur DrHu)
  3240 | D:4      | Killed sendhelp's ghost
  3397 | D:4      | Noticed Edmund
  3408 | D:4      | Killed Edmund
  3580 | D:4      | Found a stormy altar of Qazlal.
  3582 | D:4      | Noticed Eustachio
  4076 | D:4      | Noticed Ijyb
  4082 | D:4      | Killed Ijyb
  4205 | D:5      | Entered Level 5 of the Dungeon
  4226 | D:5      | Reached skill level 1 in Evocations
  4226 | D:5      | Reached XP level 8. HP: 64/70 MP: 7/7
  4283 | D:5      | Reached skill level 8 in Axes
  5985 | D:6      | Found a blossoming altar of Fedhas.
  6058 | D:6      | Noticed Sigmund
  6064 | D:6      | Killed Sigmund
  6064 | D:6      | Reached skill level 5 in Dodging
  6064 | D:6      | Reached XP level 9. HP: 75/78 MP: 10/10
  6102 | D:6      | Found an opulent altar of Gozag.
  6104 | D:6      | Noticed Pikel
  6121 | D:6      | Killed Pikel
  6126 | D:6      | Found an iron altar of Okawaru.
  6127 | D:6      | Found a deep blue altar of Sif Muna.
  6148 | D:6      | Became a worshipper of Warmaster Okawaru
  6178 | D:6      | Noticed Prince Ribbit
  6204 | D:6      | Reached skill level 9 in Axes
  6536 | D:6      | Killed Prince Ribbit
  6536 | D:6      | Reached skill level 1 in Invocations
  7008 | D:7      | Slain by an orc warrior

Skill      XL: |  1  2  3  4  5  6  7  8  9 |
---------------+----------------------------+-----
Axes           | 3 4 5 6 7 8 9 |  9.0
Fighting       | 4 5 6 7 |  7.3
Armour         | 4 5 6 7 |  7.2
Dodging        | 1 2 3 5 |  5.5
Evocations     | 1 3 4 |  4.6
Invocations    | 1 |  1.2
Shields        | |  3.6

Action                   |  1- 3 |  4- 6 |  7- 9 || total
-------------------------+-------+-------+-------++-------
Melee: War axe           |    83 |       |       ||    83
       Headbutt          |    12 |    11 |    39 ||    62
       Battleaxe         |     7 |    97 |   193 ||   297
  Eat: Chunk             |     1 |     6 |    12 ||    19
Armor: Scale mail        |    39 |    41 |    17 ||    97
       Chain mail        |       |       |    86 ||    86
Dodge: Dodged            |    25 |    62 |   108 ||   195
Block: Shield            |    47 |       |       ||    47
